[ AOE2 MATCH · #506749080 ]
UnrankedSpanish vs Mongols
Player's team · WIN
Rival team · LOSS
[ REPLAY ANALYSIS · EXTRACTED FROM THE RECORDED GAME ]
Feudal
15:58
Castle
20:46
Imperial
—
| APM avg | 54.7 |
| APM peak | 91 |
| eAPM avg | 31.3 |
| Villagers / military | 108 / 41 |
Focus
⚔️ 45.0% · 🌾 55.0%
Missionary ×14 · Militia ×10 · Conquistador ×6 · Cavalry Archer ×6 · Archer ×5
Feudal
19:51
Castle
24:14
Imperial
—
| APM avg | 63.9 |
| APM peak | 121 |
| eAPM avg | 29.2 |
| Villagers / military | 61 / 72 |
Focus
⚔️ 63.8% · 🌾 36.2%
Scout Cavalry ×45 · Militia ×27
Match map
Initial resources + every placement click. Lines = walls · curves = elevation contours. ◆ gold · ⬟ stone · ● berries · ✦ relic · ◌ wall gap
Your base· Open — opponent sealed themselves in
RedPhosphoru's base· ✓ Closed at 24:14 · 90t walls · no gate
Smoothed initial terrain · ◌ = detected wall gap · hover for details
Inputs per minute
— Survivalist - - RedPhosphoru
Build order — Survivalist
First 150 of 288 actions detected
| 0:00 | Create | Villager (Male) |
| 0:02 | Build | House |
| 0:02 | Build | House |
| 0:05 | Create | Villager (Male) |
| 0:05 | Create | Villager (Male) |
| 0:09 | Create | Villager (Male) |
| 1:26 | Create | Villager (Male) |
| 2:01 | Create | Villager (Male) |
| 2:26 | Create | Villager (Male) |
| 2:26 | Create | Villager (Male) |
| 2:41 | Build | Barracks |
| 2:53 | Create | Villager (Male) |
| 3:06 | Create | Villager (Male) |
| 3:16 | Build | House |
| 3:22 | Build | Palisade Wall |
| 3:28 | Build | House |
| 3:41 | Create | Militia |
| 3:42 | Create | Villager (Male) |
| 3:59 | Create | Villager (Male) |
| 4:21 | Create | Militia |
| 4:32 | Create | Villager (Male) |
| 4:35 | Build | House |
| 4:43 | Build | Palisade Wall |
| 4:43 | Build | Palisade Wall |
| 4:44 | Build | Palisade Wall |
| 4:44 | Build | Palisade Wall |
| 5:00 | Create | Villager (Male) |
| 5:00 | Create | Militia |
| 5:17 | Create | Militia |
| 5:34 | Create | Villager (Male) |
| 5:34 | Create | Villager (Male) |
| 5:57 | Create | Villager (Male) |
| 6:24 | Create | Villager (Male) |
| 6:35 | Build | Mill |
| 6:47 | Create | Villager (Male) |
| 6:51 | Create | Militia |
| 6:54 | Build | House |
| 7:13 | Create | Villager (Male) |
| 7:18 | Build | Palisade Wall |
| 7:18 | Build | Palisade Wall |
| 7:31 | Create | Militia |
| 7:41 | Create | Villager (Male) |
| 7:55 | Create | Villager (Male) |
| 8:21 | Create | Militia |
| 8:25 | Create | Villager (Male) |
| 8:35 | Create | Villager (Male) |
| 8:43 | Build | Palisade Wall |
| 8:53 | Create | Villager (Male) |
| 9:05 | Create | Villager (Male) |
| 9:25 | Build | Lumber Camp |
| 9:26 | Create | Villager (Male) |
| 9:51 | Build | House |
| 9:53 | Create | Villager (Male) |
| 10:04 | Create | Militia |
| 10:07 | Create | Villager (Male) |
| 10:23 | Build | Palisade Wall |
| 10:24 | Build | Palisade Wall |
| 10:25 | Build | Palisade Wall |
| 10:25 | Build | Palisade Wall |
| 10:26 | Build | Palisade Wall |
| 10:39 | Build | Farm |
| 11:02 | Create | Militia |
| 11:03 | Create | Villager (Male) |
| 11:17 | Build | Mining Camp |
| 11:27 | Create | Villager (Male) |
| 11:34 | Build | House |
| 11:38 | Create | Villager (Male) |
| 12:01 | Create | Villager (Male) |
| 12:14 | Build | Farm |
| 12:15 | Build | Farm |
| 12:16 | Build | Farm |
| 12:16 | Build | Farm |
| 12:20 | Create | Militia |
| 12:23 | Create | Villager (Male) |
| 12:38 | Research | Loom |
| 12:53 | Build | Farm |
| 13:17 | Build | Farm |
| 13:48 | Research | Feudal Age |
| 14:04 | Create | Villager (Male) |
| 14:08 | Build | House |
| 14:12 | Build | House |
| 14:27 | Build | Farm |
| 14:28 | Build | Farm |
| 14:30 | Build | Farm |
| 14:30 | Build | Farm |
| 15:08 | Build | Palisade Wall |
| 15:38 | Build | Farm |
| 15:39 | Build | Farm |
| 15:42 | Build | Farm |
| 15:48 | Create | Villager (Male) |
| 15:58 | Age | Feudal Age |
| 16:01 | Build | Archery Range |
| 16:02 | Research | Double-Bit Axe |
| 16:02 | Research | Double-Bit Axe |
| 16:31 | Create | Archer |
| 16:43 | Create | Villager (Male) |
| 16:59 | Create | Archer |
| 17:00 | Create | Villager (Male) |
| 17:06 | Build | Market |
| 17:08 | Create | Villager (Male) |
| 17:25 | Build | Farm |
| 17:42 | Create | Villager (Male) |
| 17:49 | Create | Archer |
| 18:04 | Research | Castle Age |
| 18:05 | Research | Castle Age |
| 18:09 | Research | Horse Collar |
| 18:09 | Research | Horse Collar |
| 18:20 | Build | Lumber Camp |
| 18:31 | Create | Archer |
| 18:35 | Build | Blacksmith |
| 18:39 | Build | Palisade Wall |
| 18:41 | Build | House |
| 18:44 | Build | Palisade Wall |
| 19:14 | Research | Fletching |
| 19:14 | Research | Fletching |
| 19:37 | Create | Villager (Male) |
| 19:38 | Research | Gold Mining |
| 20:00 | Create | Archer |
| 20:46 | Age | Castle Age |
| 20:48 | Research | Bow Saw |
| 20:48 | Research | Bow Saw |
| 20:51 | Build | Monastery |
| 20:53 | Build | Monastery |
| 20:56 | Research | Bodkin Arrow |
| 20:58 | Build | Monastery |
| 21:01 | Create | Villager (Male) |
| 21:22 | Build | Town Center |
| 21:27 | Create | Missionary |
| 21:30 | Create | Villager (Male) |
| 21:33 | Create | Missionary |
| 21:39 | Create | Missionary |
| 21:40 | Create | Villager (Male) |
| 21:59 | Build | Farm |
| 21:59 | Build | Farm |
| 22:03 | Create | Villager (Male) |
| 22:03 | Create | Villager (Male) |
| 22:04 | Create | Missionary |
| 22:06 | Build | Mining Camp |
| 22:16 | Create | Villager (Male) |
| 22:17 | Create | Missionary |
| 22:17 | Create | Missionary |
| 22:20 | Research | Fervor |
| 22:34 | Create | Villager (Male) |
| 22:45 | Create | Villager (Male) |
| 22:46 | Create | Villager (Male) |
| 22:53 | Create | Villager (Male) |
| 22:53 | Create | Villager (Male) |
| 22:57 | Create | Villager (Male) |
| 22:57 | Create | Villager (Male) |
| 23:01 | Build | Town Center |
Build order — RedPhosphoru
First 150 of 238 actions detected
| 0:00 | Create | Villager (Male) |
| 0:00 | Create | Villager (Male) |
| 0:02 | Build | House |
| 0:03 | Build | House |
| 0:07 | Create | Villager (Male) |
| 0:12 | Create | Villager (Male) |
| 1:21 | Create | Villager (Male) |
| 1:58 | Create | Villager (Male) |
| 2:17 | Create | Villager (Male) |
| 2:33 | Build | Barracks |
| 2:35 | Build | Palisade Wall |
| 2:36 | Build | Palisade Wall |
| 2:37 | Build | Palisade Wall |
| 2:40 | Create | Villager (Male) |
| 2:52 | Create | Villager (Male) |
| 3:04 | Create | Villager (Male) |
| 3:15 | Build | House |
| 3:34 | Create | Militia |
| 3:41 | Build | House |
| 3:45 | Create | Militia |
| 3:56 | Create | Villager (Male) |
| 4:07 | Create | Militia |
| 4:07 | Create | Militia |
| 4:20 | Build | Palisade Wall |
| 4:21 | Build | Palisade Wall |
| 4:29 | Create | Villager (Male) |
| 4:35 | Create | Militia |
| 4:50 | Build | House |
| 4:55 | Create | Villager (Male) |
| 5:04 | Create | Militia |
| 5:26 | Create | Villager (Male) |
| 5:30 | Build | House |
| 5:37 | Build | House |
| 5:41 | Create | Villager (Male) |
| 5:54 | Create | Villager (Male) |
| 5:59 | Build | House |
| 6:22 | Build | House |
| 6:24 | Create | Villager (Male) |
| 6:30 | Create | Villager (Male) |
| 6:54 | Create | Villager (Male) |
| 7:05 | Create | Villager (Male) |
| 7:31 | Create | Militia |
| 7:39 | Build | Mill |
| 7:45 | Create | Villager (Male) |
| 8:06 | Create | Militia |
| 8:40 | Create | Villager (Male) |
| 8:44 | Build | Lumber Camp |
| 8:55 | Create | Militia |
| 9:06 | Create | Villager (Male) |
| 9:16 | Create | Villager (Male) |
| 9:19 | Create | Villager (Male) |
| 9:39 | Create | Villager (Male) |
| 9:42 | Build | Mining Camp |
| 9:50 | Create | Villager (Male) |
| 10:10 | Build | Farm |
| 10:13 | Create | Militia |
| 10:29 | Create | Villager (Male) |
| 10:35 | Build | Farm |
| 10:46 | Create | Militia |
| 10:51 | Build | House |
| 11:03 | Create | Villager (Male) |
| 11:11 | Create | Villager (Male) |
| 11:25 | Create | Militia |
| 11:33 | Build | House |
| 11:41 | Build | Mill |
| 11:44 | Create | Militia |
| 12:00 | Create | Villager (Male) |
| 12:02 | Create | Militia |
| 12:06 | Create | Militia |
| 12:12 | Create | Villager (Male) |
| 12:36 | Build | Farm |
| 12:36 | Build | Farm |
| 12:36 | Build | Farm |
| 12:36 | Build | Farm |
| 12:38 | Create | Militia ×2 |
| 12:41 | Build | House |
| 12:50 | Create | Villager (Male) |
| 13:15 | Create | Militia ×2 |
| 13:31 | Create | Militia |
| 13:49 | Create | Villager (Male) |
| 13:51 | Build | Lumber Camp |
| 13:57 | Build | Farm |
| 13:59 | Build | Farm |
| 14:03 | Create | Militia ×2 |
| 14:08 | Create | Villager (Male) |
| 14:16 | Build | Lumber Camp |
| 14:23 | Create | Villager (Male) |
| 14:26 | Build | Farm |
| 14:28 | Build | Farm |
| 14:35 | Create | Militia ×3 |
| 14:57 | Create | Villager (Male) |
| 15:08 | Build | House |
| 15:09 | Build | House |
| 15:19 | Create | Villager (Male) |
| 15:24 | Build | Farm |
| 15:24 | Build | Farm |
| 15:25 | Build | Farm |
| 15:25 | Build | Farm |
| 15:25 | Build | Farm |
| 15:31 | Research | Loom |
| 15:36 | Build | House |
| 15:37 | Build | House |
| 15:51 | Create | Villager (Male) |
| 15:56 | Build | Farm |
| 15:58 | Build | Farm |
| 16:00 | Build | House |
| 16:01 | Build | House |
| 16:04 | Create | Villager (Male) |
| 16:06 | Create | Militia ×2 |
| 16:17 | Create | Villager (Male) |
| 16:30 | Build | House |
| 16:33 | Build | Palisade Wall |
| 16:37 | Build | Palisade Wall |
| 16:39 | Create | Villager (Male) |
| 16:42 | Build | Farm |
| 16:43 | Build | Farm |
| 16:43 | Build | Farm |
| 16:43 | Build | Farm |
| 16:48 | Build | Palisade Wall |
| 17:12 | Build | Farm |
| 17:27 | Build | Palisade Wall |
| 17:41 | Research | Feudal Age |
| 18:09 | Build | Farm |
| 18:09 | Build | Farm |
| 18:10 | Build | Farm |
| 18:10 | Build | Farm |
| 18:10 | Build | Farm |
| 18:16 | Build | House |
| 18:17 | Build | Palisade Wall |
| 18:23 | Build | Farm |
| 18:40 | Build | Palisade Wall |
| 18:49 | Build | Farm |
| 19:12 | Create | Villager (Male) |
| 19:36 | Build | Lumber Camp |
| 19:51 | Age | Feudal Age |
| 20:04 | Build | Market |
| 20:17 | Create | Villager (Male) |
| 20:29 | Create | Villager (Male) |
| 20:35 | Build | Blacksmith |
| 20:44 | Research | Man-at-Arms (upgrade) |
| 20:46 | Create | Villager (Male) |
| 21:14 | Build | Watch Tower |
| 21:34 | Research | Castle Age |
| 21:34 | Research | Castle Age |
| 21:47 | Build | Stable |
| 21:48 | Build | Stable |
| 22:00 | Research | Scale Barding Armor |
| 22:01 | Research | Forging |
| 22:15 | Research | Horse Collar |
| 22:19 | Build | Farm |
Match timeline
| 2:33 | RedPhosphoru · first_building Barracks |
| 2:35 | RedPhosphoru · wall_segment Palisade Wall x1 |
| 2:36 | RedPhosphoru · wall_segment Palisade Wall x1 |
| 2:37 | RedPhosphoru · wall_segment Palisade Wall x1 |
| 2:41 | Survivalist · first_building Barracks |
| 3:22 | Survivalist · wall_segment Palisade Wall x4 |
| 4:20 | RedPhosphoru · wall_segment Palisade Wall x1 |
| 4:21 | RedPhosphoru · wall_segment Palisade Wall x1 |
| 4:43 | Survivalist · wall_segment Palisade Wall x1 |
| 4:43 | Survivalist · wall_segment Palisade Wall x1 |
| 4:44 | Survivalist · wall_segment Palisade Wall x1 |
| 4:44 | Survivalist · wall_segment Palisade Wall x1 |
| 7:18 | Survivalist · wall_segment Palisade Wall x1 |
| 7:18 | Survivalist · wall_segment Palisade Wall x1 |
| 8:43 | Survivalist · wall_segment Palisade Wall x5 |
| 10:23 | Survivalist · wall_segment Palisade Wall x1 |
| 10:24 | Survivalist · wall_segment Palisade Wall x1 |
| 10:25 | Survivalist · wall_segment Palisade Wall x1 |
| 10:25 | Survivalist · wall_segment Palisade Wall x1 |
| 10:26 | Survivalist · wall_segment Palisade Wall x1 |
| 15:08 | Survivalist · wall_segment Palisade Wall x1 |
| 15:58 | Survivalist · age_up feudal |
| 16:01 | Survivalist · first_building Archery Range |
| 16:33 | RedPhosphoru · wall_segment Palisade Wall x9 |
| 16:37 | RedPhosphoru · wall_segment Palisade Wall x24 |
| 16:48 | RedPhosphoru · wall_segment Palisade Wall x25 |
| 17:27 | RedPhosphoru · wall_segment Palisade Wall x8 |
| 17:59 | Survivalist · first_market_buy 100 food |
| 18:17 | RedPhosphoru · wall_segment Palisade Wall x7 |
| 18:39 | Survivalist · wall_segment Palisade Wall x3 |
| 18:40 | RedPhosphoru · wall_segment Palisade Wall x11 |
| 18:44 | Survivalist · wall_segment Palisade Wall x5 |
| 19:51 | RedPhosphoru · age_up feudal |
| 20:46 | Survivalist · age_up castle |
| 20:51 | Survivalist · first_building Monastery |
| 21:47 | RedPhosphoru · first_building Stable |
| 22:27 | RedPhosphoru · wall_segment Stone Wall x1 |
| 22:51 | RedPhosphoru · first_market_sell 100 stone |
| 24:14 | RedPhosphoru · age_up castle |
| 26:01 | Survivalist · wall_segment Palisade Wall x5 |
| 26:03 | Survivalist · wall_segment Palisade Wall x10 |
| 27:10 | Survivalist · wall_segment Palisade Wall x8 |
| 27:13 | Survivalist · wall_segment Palisade Wall x5 |
| 27:29 | Survivalist · first_building Castle |
| 27:42 | Survivalist · wall_segment Palisade Wall x1 |
| 28:40 | RedPhosphoru · first_market_buy 100 food |
| 29:56 | Survivalist · first_building Stable |
| 29:59 | RedPhosphoru · first_building Castle |
| 30:59 | RedPhosphoru · first_building Siege Workshop |
| 31:23 | Survivalist · first_building Siege Workshop |
| 31:23 | RedPhosphoru · resign |
[ AI ANALYSIS · 1 CREDIT ]
What really happened in this match?
Wolo.gg analyzes every decision: build order, eco, micro, common mistakes by bracket. Personalized analysis on WhatsApp or Discord in 30 seconds.
Civ guide
Spanish
Perfil
Survivalist